Map: Terraços Prion

Players

Cham

  • Race: Zerg Zerg
  • League: Grandmaster

Kelazhur - Winner!

  • Race: Terran Terran
  • League: Grandmaster

Event: Copa America 2016 Season 1

VOD

Have the link to the VOD?

Description

Time

  • Played on: Feb. 17, 2016, 4:57 p.m.
  • Length: 14:21

All games in this series

Show
View Real Time Build Order
Export as new Build Order

Cham Zerg 

Build Orders: Hatch First 

Get SALT Encoding   

  12  0:01  Drone  
  13  0:08  Drone  
  14  0:17  Overlord  
  14  0:35  Drone x3  
  17  0:53  Hatchery  
  17  0:56  Drone  
  17  1:00  Drone  
  18  1:14  Spawning Pool  
  18  1:18  Drone  
  18  1:20  Drone  
  18  1:25  Extractor  
  18  1:31  Drone  
  19  1:42  Drone  
  20  2:01  Roach Warren, Queen  
  20  2:04  Zergling x2  
  20  2:05  Zergling x2, Queen  
  25  2:10  Overlord  
  25  2:16  Overlord  
  25  2:20  Drone  
  26  2:36  Drone  
  26  2:37  Drone x2  
  27  2:45  Roach x2  
  27  2:50  Roach  
  33  2:57  Roach  
  35  3:03  Roach  
  37  3:09  Roach  
  37  3:10  Roach  
  41  3:17  Drone  
  41  3:18  Drone x2  
  42  3:21  Drone  
  42  3:22  Extractor  
  42  3:27  Drone x2  
  44  3:37  Lair  
  44  3:41  Overlord  
  44  3:47  Overlord  
  44  3:51  Extractor  
  43  4:03  Roach x2  
  43  4:04  Drone  
  43  4:08  Drone x2  
  50  4:10  Drone x3  
  50  4:11  Roach x2  
  55  4:20  Roach  
  55  4:27  Drone x2  
  55  4:29  Roach  
  55  4:34  Roach  
  55  4:37  Roach x2  
  59  4:41  Overlord  
  59  4:48  Roach  
  59  4:52  Overlord x2  
  59  4:56  Glial Reconstitution  
  59  5:05  Overlord x2, Ravager  
  60  5:13  Roach x2  
  60  5:16  Drone x3  
  60  5:20  Roach x2  
  67  5:25  Hatchery  
  66  5:29  Roach x3  
  66  5:32  Overlord  
  72  5:36  Ravager  
  72  5:37  Overlord x2  
  73  5:47  Ravager  
  74  5:50  Roach  
  74  5:51  Overlord  
  74  5:54  Roach  
  74  5:55  Drone x4  
  82  5:58  Extractor  
  82  6:02  Drone  
  82  6:06  Overlord  
  82  6:10  Roach x3  
  88  6:11  Roach  
  88  6:17  Hatchery  
  91  6:18  Roach x2  
  88  6:29  Roach x2  
  86  6:33  Roach  
  86  6:34  Roach  
  88  6:46  Queen, Roach x3  
  94  6:57  Roach x2  
  98  7:02  Evolution Chamber  
  98  7:04  Drone  
  98  7:05  Evolution Chamber  
  98  7:07  Drone  
  98  7:13  Overlord  
  98  7:19  Drone x2, Roach x2  
  104  7:25  Drone  
  105  7:32  Drone x2  
  104  7:39  Drone x2  
  104  7:40  Spore Crawler  
  104  7:43  Drone  
  106  7:46  Overlord  
  106  7:48  Zerg Ground Armor Level 1  
  106  7:49  Zerg Missile Weapons Level 1  
  106  7:50  Drone x3, Queen  
  111  7:53  Overlord  
  111  7:56  Ravager x2  
  111  7:57  Extractor x2, Ravager  
  111  7:58  Ravager  
  113  7:59  Ravager  
  113  8:00  Drone  
  113  8:05  Roach x2  
  119  8:06  Roach  
  121  8:13  Drone x3  
  121  8:15  Drone  
  121  8:16  Drone x2  
  127  8:22  Roach  
  127  8:23  Roach  
  127  8:26  Overlord  
  131  8:27  Roach x2  
  131  8:28  Roach  
  131  8:34  Drone  
  138  8:38  Overlord  
  138  8:43  Overlord, Drone  
  138  8:46  Hatchery  
  136  8:50  Drone x2, Roach x2  
  136  8:52  Roach  
  148  8:55  Roach x2  
  148  8:56  Roach  
  144  9:07  Roach  
  144  9:11  Roach  
  144  9:12  Roach x5  
  156  9:19  Roach x2  
  156  9:21  Roach x2  
  156  9:22  Overlord, Roach x2  
  160  9:32  Ravager x3  
  160  9:33  Ravager x2  
  160  9:34  Roach x4  
  144  9:43  Roach  
  144  9:44  Roach x3  
  125  9:51  Roach x2  
  125  9:52  Zerg Missile Weapons Level 2, Zerg Ground Armor Level 2  
  117  9:55  Roach  
  117  9:57  Drone  
  117  9:58  Drone  
  122  10:00  Drone x2  
  122  10:03  Roach  
  122  10:04  Roach  
  122  10:06  Roach  
  129  10:08  Ravager  
  129  10:09  Ravager x3  
  129  10:13  Roach  
  129  10:14  Roach  
  137  10:16  Roach  
  139  10:24  Ravager x3  
  139  10:25  Roach  
  144  10:28  Overlord  
  144  10:29  Drone x3  
  144  10:30  Roach x2  
  144  10:32  Extractor  
  144  10:35  Extractor  
  149  10:37  Roach  
  149  10:38  Roach x2  
  149  10:40  Roach  
  149  10:41  Roach  
  159  10:44  Roach x2  
  159  10:46  Roach  
  159  10:47  Roach  
  159  11:00  Roach  
  149  11:05  Roach x2  
  149  11:10  Roach x2  
  144  11:12  Roach  
  144  11:15  Roach x7  
  144  11:17  Ravager x2  
  144  11:18  Roach x2  
  159  11:24  Roach  
  158  11:31  Roach x2  
  142  11:44  Roach  
  142  11:45  Roach x3  
  139  11:48  Roach  
  114  12:05  Roach x5  
  108  12:09  Ravager x3  
  111  12:21  Ravager  
  111  12:22  Ravager  
  103  12:23  Roach x2  
  103  12:24  Roach  
  103  12:26  Hatchery  
  99  12:35  Roach x3  
  101  12:39  Roach  
  85  12:46  Roach  
  80  12:52  Roach x3  
  86  12:59  Roach  
  86  13:01  Ravager, Roach  
  89  13:07  Roach  
  90  13:20  Drone  
  90  13:21  Drone x4  
  90  13:24  Roach  
  97  13:28  Roach  
  97  13:34  Roach  
  101  13:35  Roach  
  101  13:39  Roach  
  105  13:43  Ravager, Roach  
  105  13:44  Ravager  
  105  13:48  Roach  
  111  13:53  Roach x2  
Show
View Real Time Build Order
Export as new Build Order

Kelazhur Terran - Winner!

Build Orders: MMM Bio 

Get SALT Encoding   

  12  0:01  SCV  
  13  0:13  SCV  
  14  0:17  Supply Depot  
  14  0:25  SCV  
  15  0:38  SCV  
  15  0:39  Barracks  
  16  0:44  Refinery  
  16  0:50  SCV  
  17  1:01  Barracks  
  17  1:04  SCV  
  18  1:19  Barracks  
  18  1:23  SCV  
  19  1:29  Reaper  
  20  1:34  Refinery  
  20  1:46  Orbital Command  
  20  1:51  Reaper  
  21  2:00  Supply Depot  
  21  2:03  Reaper  
  22  2:12  Reaper  
  23  2:21  SCV  
  24  2:24  Reaper  
  25  2:33  SCV  
  25  2:35  Reaper  
  27  2:44  Reaper  
  28  2:47  SCV  
  29  2:51  Supply Depot  
  29  2:57  Reaper  
  30  2:59  SCV  
  31  3:13  Reaper  
  31  3:17  Supply Depot  
  31  3:18  Command Center  
  32  3:21  Reaper  
  33  3:29  Reaper  
  34  3:36  SCV  
  35  3:45  Reaper  
  36  3:50  SCV  
  36  3:53  Reaper  
  38  4:03  SCV, Reaper  
  40  4:11  Barracks  
  40  4:12  Barracks  
  40  4:15  SCV  
  41  4:17  Reaper  
  41  4:25  Reaper  
  41  4:32  SCV  
  41  4:35  Reaper  
  41  4:40  SCV  
  42  4:49  Reaper  
  42  4:52  SCV  
  44  4:57  Reaper  
  46  5:01  Orbital Command  
  46  5:02  Refinery x2  
  46  5:05  Reaper  
  46  5:07  Reaper  
  46  5:08  Barracks Tech Lab  
  46  5:12  SCV  
  47  5:24  SCV  
  48  5:31  SCV  
  48  5:32  Barracks Tech Lab  
  48  5:33  Stimpack  
  48  5:34  Marine x2  
  51  5:37  SCV, Marine  
  51  5:39  Command Center  
  53  5:43  SCV  
  53  5:46  Marine  
  53  5:49  SCV  
  56  5:52  Combat Shields, Marine x2  
  56  5:53  Supply Depot  
  56  5:55  SCV, Marine  
  60  6:02  Marine  
  60  6:03  SCV  
  62  6:09  Engineering Bay  
  62  6:11  Supply Depot  
  62  6:12  Factory  
  62  6:14  Marine x2  
  62  6:15  SCV x2  
  66  6:21  Marauder x2  
  66  6:22  Marine  
  69  6:27  SCV  
  69  6:29  SCV  
  69  6:32  Marine x2  
  72  6:39  SCV  
  72  6:40  Marine  
  72  6:41  Marine x2  
  72  6:42  Bunker  
  69  6:47  SCV  
  69  6:49  Terran Infantry Weapons Level 1  
  69  6:50  Marine x2  
  70  6:56  SCV  
  70  6:58  Marine  
  70  6:59  Factory Reactor, Marine, Orbital Command  
  70  7:00  SCV, Starport  
  73  7:04  Marauder  
  73  7:08  Marine x2  
  77  7:13  SCV  
  77  7:14  Concussive Shells  
  78  7:17  Marine  
  78  7:18  Supply Depot, Marauder  
  81  7:24  Marine  
  81  7:25  Marine  
  81  7:26  Marine  
  84  7:35  Marine  
  84  7:39  Marauder  
  84  7:42  Marine  
  84  7:43  Marine x2  
  89  7:50  Factory Tech Lab  
  89  7:51  Armory  
  89  7:52  Medivac x2, Engineering Bay  
  89  7:53  Marine  
  94  7:58  Supply Depot  
  94  7:59  Supply Depot  
  94  8:00  Marauder  
  94  8:01  Marauder, Marine x2  
  100  8:14  Barracks Reactor  
  100  8:18  Supply Depot  
  100  8:19  Marine  
  101  8:20  Marine  
  101  8:22  Marauder, Medivac x2  
  101  8:24  Siege Tank  
  111  8:34  Marauder  
  111  8:37  Marine x2  
  111  8:38  Supply Depot  
  115  8:43  Marine  
  116  8:58  Siege Tank  
  116  9:00  Orbital Command  
  112  9:05  Marauder  
  114  9:13  Marine  
  114  9:14  Marauder  
  114  9:15  Medivac x2  
  121  9:22  SCV  
  122  9:30  Siege Tank  
  112  9:33  Marauder, Marine  
  112  9:35  Marauder  
  112  9:38  SCV, Marine  
  109  9:42  Marine  
  109  9:45  Medivac x2, Marine  
  102  9:46  SCV x2  
  102  9:51  Marine  
  100  9:54  Marine  
  100  9:55  SCV  
  100  9:56  Barracks x2, Marine x2  
  100  9:57  Barracks  
  100  9:58  SCV  
  100  9:59  SCV  
  106  10:02  Siege Tank  
  106  10:04  Missile Turret  
  109  10:07  SCV  
  109  10:08  Refinery, Marine  
  109  10:09  Terran Infantry Weapons Level 2, Barracks Reactor  
  109  10:10  Barracks Reactor, SCV  
  109  10:11  Sensor Tower  
  109  10:12  Marauder, Terran Infantry Armor Level 1, Terran Vehicle Weapons Level 1  
  114  10:16  Marine  
  114  10:17  Marauder  
  114  10:19  SCV  
  116  10:26  Marine  
  117  10:32  Barracks, SCV  
  117  10:34  Marauder, Siege Tank  
  123  10:42  Marauder, Marine  
  126  10:44  Marine  
  126  10:45  Marine x2  
  126  10:46  Marine  
  128  10:50  Marine x2  
  128  10:55  Marauder  
  131  11:00  Marine  
  131  11:02  Marine  
  131  11:03  Marine  
  131  11:04  Marauder  
  119  11:05  Marine  
  119  11:06  Marine  
  119  11:10  Marine  
  111  11:16  Marauder  
  111  11:17  Marine  
  113  11:18  Barracks  
  113  11:20  Barracks, Marine  
  113  11:21  Barracks  
  113  11:23  Marine  
  113  11:25  Marauder  
  115  11:27  Marine  
  115  11:28  SCV x2, Marine  
  115  11:32  Siege Tank  
  116  11:33  Medivac x2  
  116  11:35  Marine  
  116  11:37  Marine  
  116  11:38  Marauder  
  113  11:41  Marine  
  113  11:46  Marauder  
  103  11:51  Marine  
  92  11:59  Marauder  
  91  12:03  Marine x3  
  91  12:05  SCV  
  91  12:08  Marauder  
  94  12:09  Marine  
  94  12:11  Siege Tank  
  98  12:20  Marine  
  98  12:21  Marine x3  
  96  12:27  Marine  
  96  12:29  Marauder  
  93  12:38  Marine  
  93  12:39  Marine  
  93  12:42  SCV  
  93  12:43  Siege Tank  
  93  12:44  Marine x2  
  93  12:45  Marine  
  93  12:51  Marauder  
  97  12:56  Marauder  
  97  12:57  Orbital Command, Marine  
  100  13:03  Marine  
  100  13:07  Marine  
  103  13:14  Marine x2  
  103  13:23  SCV x2  
  103  13:24  SCV  
  106  13:28  Siege Tank  
  106  13:29  Marauder x2, Marine  
  114  13:35  SCV  
  115  13:43  SCV x2  
  115  13:47  Marine x3  
  120  13:51  Marauder  
  120  14:01  Marine  
  120  14:02  Marine  
Tags
 
Add a new tag
Caveats
  • Supply blocks, unpowered buildings, or Contaminate may cause inaccurate times.
  • Supply counts are checked every 10 seconds.